 Dungeon Crawl Stone Soup version 0.20-a0-268-gb6bde61 (webtiles) character file.

270 Karnivor the Digger (level 6, -3/32 HPs)
             Began as a Gargoyle Earth Elementalist on Dec 7, 2016.
             Slain by an orc warrior
             ... wielding a cursed -1 trident
              (11 damage)
             ... on level 4 of the Dungeon.
             The game lasted 00:17:27 (3715 turns).

Karnivor the Digger (Gargoyle Earth Elementalist)   Turns: 3715, Time: 00:17:27

Health: -3/32      AC:  8    Str: 12    XL:     6   Next: 22%
Magic:  0/11       EV: 14    Int: 17    God:
Gold:   183        SH:  0    Dex: 10    Spells: 3/12 levels left

rFire  . . .     SeeInvis .     q - +0 whip (elec)
rCold  . . .     Gourm    .     c - +0 robe
rNeg   + . .     Faith    .     (no shield)
rPois  ∞         Spirit   .     g - +0 helmet
rElec  +         Reflect  .     k - +0 cloak
rCorr  .         Harm     .     (no gloves)
MR     .....                    (no boots)
Stlth  ++........               f - amulet of regeneration
                                t - +2 ring of evasion
                                (no ring)

@: very slightly contaminated
A: negative energy resistance 1, electricity resistance, unbreathing,
petrification resistance, rot immunity, AC +4
a: no special abilities


You were on level 4 of the Dungeon.
You were not hungry.

You visited 1 branch of the dungeon, and saw 4 of its levels.

You collected 183 gold pieces.

Inventory:

Hand Weapons
 q - a +0 whip of electrocution (weapon)
Missiles
 b - 107 stones (quivered)
Armour
 c - a +0 robe (worn)
 g - a +0 helmet (worn)
 k - a +0 cloak (worn)
Jewellery
 f - an amulet of regeneration (around neck)
 t - a +2 ring of evasion (right hand)
Scrolls
 r - a scroll of recharging
Potions
 h - 2 potions of berserk rage
 i - a potion of resistance
 n - 2 potions of flight
 o - a potion of cancellation
 p - 4 potions of haste
 v - a potion of curing
 x - a potion of magic {unknown}
Comestibles
 a - a chunk of flesh
 d - 3 bread rations
 j - 3 fruits
 l - 2 beef jerkies


   Skills:
 - Level 1.5 Dodging
 - Level 2.1 Stealth
 + Level 3.8 Spellcasting
 + Level 3.4 Conjurations
   Level 0.7 Transmutations
 + Level 5.5 Earth Magic


You had 3 spell levels left.
You knew the following spells:

 Your Spells              Type           Power        Failure   Level  Hunger
a - Sandblast             Erth           ###...       1%          1    None
b - Stone Arrow           Conj/Erth      ###...       10%         3    ###....
c - Lee's Rapid Deconstr  Erth           ###.......   58%         5    ######.


Dungeon Overview and Level Annotations

Branches:
Dungeon (4/15)
 Temple: D:4-7

Altars:
Qazlal


Innate Abilities, Weirdness & Mutations

You are resistant to torment.
Your stone body is resilient. (AC +4)
You are immune to poison.
You resist negative energy. (rN+)
You are resistant to electric shocks. (rElec)
You can survive without breathing.
You are immune to petrification.
You are immune to rotting.


Message History

Aim: an orc warrior, wielding a trident and wearing a plate armour (heavily wounded)
The rocky blast hits the orc warrior.
The orc warrior is severely wounded.
The orc warrior hits you but does no damage.
Casting: Sandblast
Confirm with . or Enter, or press ? or * to list all spells.
You don't have enough magic to cast that spell.
Unknown command.
Wield which item (- for none, * to show all)? (? for menu, Esc to quit)
You hear the crackle of electricity.
q - a +0 whip of electrocution (weapon)
The orc warrior hits you with a trident!
Ouch! That really hurt!
* * * LOW HITPOINT WARNING * * *
The orc warrior hits you from afar with a trident.
* * * LOW HITPOINT WARNING * * *
Okay, then.
You feel better.
The orc warrior hits you from afar with a trident!
You die...

#..#.#.#.#.)...#
#..#.#.#.####..#
#..#.#.........#
# #.#.#.#####.#
#( #.#.#.# #.#
#. #.#.#.#
#.##.# ..#.#.#.#
#.##.#####
.#o#.#.#
#.##.#<..# .o.
#@# #.##.###.#
#.# #.# #.##.#
#.# #.# #o#
#.##.# #.# #.#
#[# #.##.###)#
#.###.#
#.....(..#
#.o...#
####.###.#
####### #.# #.#
#.# #.# #.# #..


You could see an orc warrior.

Vanquished Creatures
  An orc priest (D:4)
  2 orc wizards (D:3)
  7 adders
  4 gnolls
  A worm (D:3)
  2 dart slugs
  8 orcs
  4 giant cockroaches
  6 goblins
  6 hobgoblins
  8 jackals
  A quokka (D:3)
  7 bats
  5 frilled lizards
  8 kobolds
  3 rats
73 creatures vanquished.

Notes
Turn   | Place    | Note
-------+----------+-------------------------------------------
     0 | D:1      | Karnivor the Gargoyle Earth Elementalist began the quest for the Orb.
     0 | D:1      | Reached XP level 1. HP: 10/10 MP: 3/3
   392 | D:1      | Reached skill level 4 in Earth Magic
   400 | D:1      | Reached XP level 2. HP: 13/15 MP: 5/5
   875 | D:1      | Reached XP level 3. HP: 19/19 MP: 6/6
   889 | D:1      | Learned a level 3 spell: Stone Arrow
  1143 | D:2      | Noticed a water elemental
  1145 | D:2      | Found a stormy altar of Qazlal.
  1146 | D:2      | Noticed a fire elemental
  1146 | D:2      | Noticed an air elemental
  1146 | D:2      | Noticed an earth elemental
  1234 | D:2      | Found a faded altar of an unknown god.
  2118 | D:3      | Reached skill level 1 in Conjurations
  2240 | D:3      | Reached XP level 4. HP: 19/24 MP: 8/8
  2773 | D:3      | Reached XP level 5. HP: 24/28 MP: 2/9
  2775 | D:3      | Reached skill level 5 in Earth Magic
  2930 | D:3      | Learned a level 5 spell: Lee's Rapid Deconstruction
  3211 | D:3      | Reached XP level 6. HP: 32/32 MP: 11/11
  3648 | D:4      | Noticed an orc warrior
  3715 | D:4      | Slain by an orc warrior

Vault maps used:
D:1:      minmay_arrival_three_doors
D:2:      chequers_ecumenical_altar_island, nicolae_qazlal_style_of_elements
D:4:      first_bread, grunt_ministairs_3, minmay_misc_feat_alley, minivault_24

Skill      XL: |  1  2  3  4  5 |
---------------+----------------+-----
Earth Magic    | 4 5 |  5.5
Conjurations   | 1 2 3 |  3.4
Spellcasting   | 3 |  3.8
Dodging        | |  1.5
Stealth        | |  2.1
Transmutations | |  0.7

Action                   |  1- 3 |  4- 6 || total
-------------------------+-------+-------++-------
Melee: Unarmed           |     7 |       ||     7
       Short sword       |    48 |       ||    48
       Whip              |   129 |   118 ||   247
 Cast: Sandblast         |    16 |    36 ||    52
       Stone Arrow       |       |     1 ||     1
  Use: Scroll            |     5 |     5 ||    10
       Potion            |       |     1 ||     1
 Stab: Sleeping          |     4 |       ||     4
  Eat: Chunk             |     5 |     5 ||    10
Armor: Robe              |    90 |    40 ||   130
Dodge: Dodged            |   163 |   106 ||   269
